 Dungeon Crawl Stone Soup version 0.24-a0-500-g46574c2197 (webtiles) character file.

Game seed: 1246552648438468219

112827 RedPan the Bludgeoner (level 16, -5/137 HPs)
             Began as a Yellow Draconian Chaos Knight on July 12, 2019.
             Was a Plaything of Xom.
             Slain by a sun demon (18 damage)
             ... summoned by Xom
             ... on level 13 of the Dungeon on July 15, 2019.
             The game lasted 00:58:45 (24542 turns).

RedPan the Bludgeoner (DrCK)                       Turns: 24542, Time: 00:58:46

Health: -5/137     AC: 21    Str: 18    XL:     16   Next: 12%
Magic:  0/22       EV: 23    Int: 13    God:    Xom [......]
Gold:   1656       SH:  8    Dex: 19    Spells: 15/15 levels left

rFire    . . .     SeeInvis +   O - +6 eveningstar (flame)
rCold    + + .     Gourm    .   I - +0 buckler
rNeg     . . .     Faith    .   (armour unavailable)
rPois    +         Spirit   +   K - +2 hat {SInv}
rElec    +         Reflect  .   c - +2 cloak {+Inv}
rCorr    +         Harm     .   U - +0 pair of gloves
MR       +....     Clarity  +   H - +0 pair of boots
Stlth    +.........             B - amulet of Ryirch Bext {Spirit rElec rPois}
HPRegen  0.32/turn              p - +5 ring of dexterity
MPRegen  0.18/turn              W - +5 ring of protection

@: glowing
A: spit acid, unfitting armour, big wings, horns 1, stinger 1, blurry vision 1,
clarity, cold resistance 2, sense surroundings 1, screaming 1, acidic bite,
cold-blooded, MP-powered wands, acid resistance, AC +9
a: Breathe Acid, Fly, Renounce Religion, Evoke Invisibility


You were on level 13 of the Dungeon.
You worshipped Xom.
You were a very special plaything of Xom.
You were not hungry.

You visited 3 branches of the dungeon, and saw 21 of its levels.

You collected 2776 gold pieces.
You spent 1120 gold pieces at shops.

Inventory:

Hand Weapons
 a - a +0 mace of chaos
 u - a +3 great mace of chaos
 x - a +3 eveningstar of draining
 A - a +1 scimitar of flaming
 O - a +6 eveningstar of flaming (weapon)
Missiles
 l - 3 silver javelins (quivered)
Armour
 c - a +2 cloak of invisibility (worn)
 H - a +0 pair of boots (worn)
 I - a +0 buckler (worn)
 K - a +2 hat of see invisible (worn)
 U - a +0 pair of gloves (worn)
Magical Staves
 T - an uncursed staff of power
Jewellery
 p - a +5 ring of dexterity (left hand)
 y - a +4 ring of dexterity
 B - the amulet of Ryirch Bext (around neck) {Spirit rElec rPois}
   (You found it on level 9 of the Dungeon)

   [amulet of guardian spirit]

   It causes incoming damage to be split between your health and magic.
   It insulates you from electricity.
   It protects you from poison.
 J - an uncursed ring of ice
 V - an uncursed ring of protection from fire
 W - a +5 ring of protection (right hand)
Wands
 h - a wand of paralysis (19)
 k - a wand of acid (13)
 q - a wand of clouds (7)
 r - a wand of polymorph (46)
 C - a wand of random effects (21)
 F - a wand of flame (13)
Scrolls
 g - 11 scrolls of remove curse
 m - 8 scrolls of amnesia
 o - 4 scrolls of fog
 t - 4 scrolls of teleportation
 v - 2 scrolls of fear
 w - 3 scrolls of blinking
 G - 7 scrolls of identify
 L - 3 scrolls of magic mapping
 P - 2 scrolls of enchant armour
Potions
 d - 3 potions of flight
 e - a potion of ambrosia
 f - 4 potions of heal wounds
 i - 6 potions of curing
 j - 3 potions of mutation
 n - 4 potions of berserk rage
 s - 3 potions of haste
 z - 2 potions of brilliance
 D - a potion of cancellation
 E - a potion of invisibility
 M - 4 potions of agility
 N - a potion of might
 Q - a potion of lignification {unknown}
Comestibles
 b - 43 rations
 R - 9 chunks of flesh


   Skills:
 + Level 11.2 Fighting
 - Level 16.0 Maces & Flails
 + Level 12.9 Dodging
 + Level 13.1 Shields
 + Level 8.2 Evocations


You had 15 spell levels left.
You didn't know any spells.
Your spell library contained the following spells:

 Spells                   Type           Power        Failure   Level  Hunger
 Animate Skeleton         Necr           N/A          30%         1    ##.....
 Apportation              Tloc           #.....       30%         1    ##.....
 Confusing Touch          Hex            #.....       30%         1    ##.....
 Flame Tongue             Conj/Fire      #....        30%         1    ##.....
 Magic Dart               Conj           #...         30%         1    ##.....
 Shock                    Conj/Air       #...         30%         1    ##.....
 Summon Small Mammal      Summ           #...         30%         1    ##.....
 Blink                    Tloc           N/A          43%         2    ###....
 Call Imp                 Summ           #.......     43%         2    ###....
 Searing Ray              Conj           #.....       43%         2    ###....
 Slow                     Hex            #.......     43%         2    ###....
 Swiftness                Chrm/Air       #.......     43%         2    ###....
 Throw Flame              Conj/Fire      #.....       43%         2    ###....
 Conjure Flame            Conj/Fire      #.......     67%         3    ####...
 Dazzling Spray           Conj/Hex       #.....       67%         3    ####...
 Inner Flame              Hex/Fire       #.......     67%         3    ####...
 Mephitic Cloud           Conj/Pois/Air  #.......     67%         3    ####...
 Static Discharge         Conj/Air       #.......     67%         3    ####...
 Airstrike                Air            #.........   97%         4    #####..
 Cause Fear               Hex            #.........   97%         4    #####..
 Force Lance              Conj/Tloc      #.......     97%         4    #####..
 Fulminant Prism          Conj/Hex       #.........   97%         4    #####..
 Iskenderun's Mystic Bla  Conj           #.......     97%         4    #####..
 Sticky Flame             Conj/Fire      #.......     97%         4    #####..
 Fireball                 Conj/Fire      #.........   100%        5    ######.
 Lightning Bolt           Conj/Air       #.........   100%        5    ######.
 Silence                  Hex/Air        #.........   100%        5    ######.
 Yara's Violent Unravell  Hex/Tmut       #.........   100%        5    ######.
 Deflect Missiles         Chrm/Air       #.........   100%        6    #######
 Discord                  Hex            #.........   100%        8    #######


Dungeon Overview and Level Annotations

Branches:
Dungeon (13/15)            Temple (0/1) D:6            Lair (6/6) D:9
  Swamp (0/4) Lair:3        Snake (0/4) Lair:4          Orc (2/2) D:12
    Elf (0/3) Orc:2
  Slime: Lair:5-6    Vaults: D:13-14

Altars:
Cheibriados
Dithmenos
Elyvilon
Hepliaklqana
Kikubaaqudgha
Makhleb
Okawaru
Qazlal
Ru
Trog
Uskayaw
Vehumet
Wu Jian
Xom
Yredelemnul

Shops:
Orc:2 :(=[*

Annotations:
Lair:6 exclusion: 3 oklob plants
Orc:1 exclusion: oklob plant


Innate Abilities, Weirdness & Mutations

You can spit globs of acid.
Your golden yellow scales are hard. (AC +9)
You cannot fit into any form of body armour.
You have acidic saliva.
You are cold-blooded and may be slowed by cold attacks.
You are resistant to acid. (rCorr)
Your large and strong wings let you fly indefinitely.
You have a pair of small horns on your head.
Your tail ends in a poisonous barb.
Scrolls take you a little longer to read.
You possess an exceptional clarity of mind.
Your flesh is very cold resistant. (rC++)
You passively map a small area around you.
You occasionally shout uncontrollably at your foes.
You expend magic power (3 MP) to strengthen your wands.


Message History

You closely miss the sun demon.
You headbutt the sun demon, but do no damage.
You sock the sun demon!
You tail-slap the sun demon, but do no damage.
The sun demon is lightly wounded.
The sun demon hits you!
You are engulfed in flames!
* * * LOW HITPOINT WARNING * * *
The sun demon hits you!!
* * * LOW HITPOINT WARNING * * *
Xom is amused.
You are engulfed in flames!
* * * LOW HITPOINT WARNING * * *
The orange demon misses you.
Unknown command.
You feel much better.
The sun demon hits you but does no damage.
The sun demon hits you!
* * * LOW HITPOINT WARNING * * *
You are engulfed in flames!!
You die...

, #......#, , ,#......#
, ,, #......# ** * **,
,* .....### * , ,
*#.....#* * * , ,
#C.)..# , #4###.#, , ,,
,,, #3# #)+ , , , , #@#
#.# , , , #3###†# , , *
** ###54...###########
.......(..............#
,
........$.............#,
..........###..######.##
.#........# #..# #... *
#........# #..# #...
..........# #..# #...


You could see 2 sun demons, an orange demon, a cyclops, a hellwing and a shadow
imp.

Vanquished Creatures
  Gastronok (Lair:2)
  An azure jelly (D:9)
  A stone giant (Orc:2)
  4 ettins (Orc:2)
  Fannar (D:12)
  An ice dragon (Lair:6)
  9 hydras
  A centaur warrior (D:13)
  A two-headed ogre (D:9)
  A catoblepas (Lair:6)
  A tengu warrior (D:10)
  A queen ant (Lair:3)
  4 death yaks (D:9)
  Urug (Lair:2)
  Nergalle (Lair:1)
  2 unseen horrors
  2 lindwurms (Lair:6)
  A deep elf mage (D:13)
  An orc knight (D:12)
  A wolf spider (Lair:6)
  An ugly thing (D:12)
  9 cyclopes
  2 manticores
  Maurice (D:8)
  Psyche (D:12)
  A guardian serpent (Lair:6)
  15 elephants
  7 black mambas
  5 torpor snails (Lair:6)
  A kobold demonologist (D:12)
  12 spiny frogs
  2 komodo dragons (Lair:3)
  2 rime drakes
  A yaktaur (D:8)
  3 trolls
  A polar bear (Lair:5)
  A hornet (shapeshifter) (Lair:4)
  4 blink frogs (Lair:1)
  3 tyrant leeches (Lair:6)
  8 hornets (Lair:6)
  2 slime creatures (D:13)
  A bog body (Lair:3)
  13 hippogriffs
  12 dream sheep (Lair:6)
  A vampire (D:13)
  3 redbacks (Lair:6)
  A wraith (D:11)
  A hungry ghost (D:11)
  34 yaks
  10 wyverns
  A steam dragon (D:10)
  5 basilisks
  3 vampire mosquitoes (D:12)
  Menkaure (D:6)
  2 swamp worms (Lair:3)
  3 wargs
  3 nagas (Lair:4)
  13 soldier ants
  23 water moccasins
  12 porcupines
  A swamp drake (Lair:5)
  3 black bears
  3 sky beasts
  5 ice beasts
  13 orc warriors
  A necrophage (D:5)
  An eye of draining (D:10)
  2 phantoms
  9 centaurs
  7 ogres
  10 wolves
  9 crocodiles
  2 big kobolds
  A wyvern zombie (D:10)
  11 bullfrogs
  A water moccasin skeleton (D:11)
  2 scorpions
  4 killer bees (D:12)
  9 wights (D:6)
  5 howler monkeys
  2 electric eels
  4 crimson imps
  A quasit (D:5)
  A bullfrog zombie (D:8)
  5 centaur skeletons
  A jelly (D:6)
  Crazy Yiuf (D:6)
  A centaur zombie (D:7)
  9 hounds
  14 orc priests
  3 bullfrog skeletons
  19 orc wizards
  3 iguanas
  48 worker ants
  Robin (D:2)
  2 worker ant zombies
  A gnoll (D:1)
  11 adders
  2 shadow imps
  An ooze (D:5)
  An adder skeleton (D:4)
  2 worms
  4 leopard geckos
  61 orcs
  6 giant cockroaches
  13 goblins
  3 hobgoblins
  14 jackals
  15 kobolds
  2 quokkas
  5 bats
  7 frilled lizards
  A leopard gecko zombie (D:7)
  A quokka zombie (D:6)
  7 rats
  2 plants (Lair:6)
633 creatures vanquished.

Vanquished Creatures (collateral kills)
  Pikel (D:6)
  A water moccasin zombie (D:6)
  A wight (D:6)
  An orc (Orc:1)
4 creatures vanquished.

Vanquished Creatures (others)
  A death yak (D:9)
  A hornet (Lair:6)
  An orc wizard (D:4)
  A goblin (D:2)
  21 fungi
  85 plants
110 creatures vanquished.

Grand Total: 747 creatures vanquished

Notes
Turn   | Place    | Note
-------+----------+-------------------------------------------
     0 | D:1      | RedPan the Draconian Chaos Knight began the quest for the
                  | Orb.
     0 | D:1      | Reached XP level 1. HP: 19/19 MP: 1/1
   105 | D:1      | XOM: divination: detect creatures
   234 | D:1      | Reached XP level 2. HP: 15/26 MP: 2/2
   700 | D:1      | XOM: harmless Tmut miscast
   866 | D:1      | XOM: mild Summ miscast
  1018 | D:2      | Reached XP level 3. HP: 29/31 MP: 3/3
  1019 | D:2      | Reached skill level 4 in Maces & Flails
  1205 | D:2      | XOM: blink monster(s)
  1227 | D:2      | Reached XP level 4. HP: 35/39 MP: 4/4
  1410 | D:2      | Found a burning altar of Makhleb.
  1453 | D:2      | Noticed Robin
  1464 | D:2      | XOM: harmless Air miscast
  1493 | D:2      | Killed Robin
  1493 | D:2      | Reached skill level 5 in Maces & Flails
  1924 | D:3      | Found a basalt altar of Yredelemnul.
  1948 | D:3      | Found an iron altar of Okawaru.
  2021 | D:3      | XOM: 8-stop teleportation journey
  2050 | D:3      | Reached XP level 5. HP: 45/45 MP: 5/5
  2342 | D:3      | XOM: god gift: wand of acid (9)
  2448 | D:3      | XOM: god gift: book of Flames
  2523 | D:3      | Reached skill level 6 in Maces & Flails
  2644 | D:4      | Reached skill level 1 in Evocations
  2701 | D:4      | Reached XP level 6. HP: 51/51 MP: 5/7
  2739 | D:4      | XOM: god gift: 3 silver javelins
  2780 | D:4      | XOM: 1-stop teleportation journey
  3143 | D:4      | Your scales start taking on a golden yellow colour.
  3143 | D:4      | Reached XP level 7. HP: 54/57 MP: 9/9
  3143 | D:4      | Gained mutation: You are resistant to acid. (rCorr) [Yellow
                  | Draconian growth]
  3405 | D:4      | XOM: noise
  3520 | D:4      | Reached skill level 7 in Maces & Flails
  3606 | D:4      | XOM: god gift: runed great mace {god gift}
  3626 | D:5      | Entered Level 5 of the Dungeon
  3682 | D:5      | Found an ornate altar of the Wu Jian Council.
  3833 | D:5      | XOM: silly message
  3979 | D:5      | Found a hazy altar of Hepliaklqana.
  4205 | D:5      | XOM: polymorph howler monkey -> worker ant
  4227 | D:5      | Found an ancient bone altar of Kikubaaqudgha.
  4424 | D:6      | XOM: confuse monster(s)
  4426 | D:6      | Reached XP level 8. HP: 49/66 MP: 11/11
  4504 | D:6      | Reached skill level 8 in Maces & Flails
  4948 | D:6      | Found a hide-covered altar of Uskayaw.
  4952 | D:6      | Noticed a +0 dagger
  4952 | D:6      | Noticed a +0 hand axe
  4954 | D:6      | Noticed Menkaure
  4979 | D:6      | Reached skill level 5 in Dodging
  5075 | D:6      | XOM: potion effect (might)
  5077 | D:6      | XOM: summons 4 friendly demons
  5117 | D:6      | XOM: give mutations
  5117 | D:6      | Gained mutation: Your flesh is cold resistant. (rC+) [Xom's
                  | grace]
  5117 | D:6      | Gained mutation: You passively map a small area around you.
                  | [Xom's grace]
  5117 | D:6      | Gained mutation: You possess an exceptional clarity of
                  | mind. [Xom's grace]
  5119 | D:6      | XOM: summons friendly ufetubus
  5236 | D:6      | XOM: noise
  5291 | D:6      | XOM: silly message
  5324 | D:6      | Found a staircase to the Ecumenical Temple.
  5327 | D:6      | XOM: enchant monster (good)
  5333 | D:6      | Reached skill level 9 in Maces & Flails
  5353 | D:6      | Found a snail-covered altar of Cheibriados.
  5560 | D:6      | Reached XP level 9. HP: 68/71 MP: 12/12
  5593 | D:6      | XOM: silly message
  5606 | D:6      | Found a runed translucent door.
  5607 | D:6      | Noticed Crazy Yiuf
  5746 | D:6      | XOM: 1-stop teleportation journey
  5767 | D:6      | Found a white marble altar of Elyvilon.
  5790 | D:6      | Killed Menkaure
  5820 | D:6      | Found a shadowy altar of Dithmenos.
  5820 | D:6      | Noticed Pikel
  5828 | D:6      | Killed Pikel
  5945 | D:6      | Killed Crazy Yiuf
  5964 | D:6      | XOM: give mutation
  5964 | D:6      | Gained mutation: Your flesh is very cold resistant. (rC++)
                  | [Xom's mischief]
  6108 | D:7      | Reached skill level 10 in Maces & Flails
  6418 | D:7      | XOM: summons friendly crimson imp
  6509 | D:7      | XOM: give mutations
  6509 | D:7      | Gained mutation: Your tail ends in a poisonous barb. [Xom's
                  | grace]
  6509 | D:7      | Gained mutation: You expend magic power (3 MP) to
                  | strengthen your wands. [Xom's grace]
  6509 | D:7      | Gained mutation: You are agile. (Dex +2) [Xom's grace]
  6509 | D:7      | Gained mutation: Your mind is acute. (Int +2) [Xom's grace]
  6557 | D:7      | XOM: god gift: 9 gold pieces
  6944 | D:7      | Reached skill level 5 in Evocations
  6960 | D:7      | Found a radiant altar of Vehumet.
  7120 | D:7      | XOM: give mutations
  7120 | D:7      | Gained mutation: Your magical capacity is low. (-10% MP)
                  | [Xom's mischief]
  7120 | D:7      | Lost mutation: Your mind is acute. (Int +2) [Xom's
                  | mischief]
  7120 | D:7      | Gained mutation: Your body sometimes deteriorates upon
                  | taking damage. [Xom's mischief]
  7199 | D:7      | XOM: 2-stop teleportation journey
  7297 | D:8      | XOM: potion effect (berserk rage)
  7347 | D:8      | Found a sacrificial altar of Ru.
  7405 | D:8      | Noticed Maurice
  7405 | D:8      | Paralysed by Maurice for 3 turns
  7412 | D:8      | Killed Maurice
  7466 | D:8      | Reached XP level 10. HP: 78/78 MP: 12/12
  7504 | D:8      | Noticed Erica
  7505 | D:8      | XOM: summons friendly shadow imp
  7510 | D:8      | Noticed Erica
  7510 | D:8      | Erica changed into Erica the yaktaur
  7511 | D:8      | Killed Erica the yaktaur
  7539 | D:8      | Found a bloodstained altar of Trog.
  7917 | D:9      | XOM: noise
  7935 | D:9      | XOM: polymorph hound -> worker ant
  8086 | D:8      | XOM: god gift: 22 stones
  8236 | D:9      | XOM: 3-stop teleportation journey
  8257 | D:9      | Got a clouded bronze amulet
  8258 | D:9      | Identified the amulet of Ryirch Bext {Spirit rElec rPois}
                  | (You found it on level 9 of the Dungeon)
  8305 | D:9      | Noticed a two-headed ogre
  8311 | D:9      | Killed a two-headed ogre
  8311 | D:9      | Reached skill level 11 in Maces & Flails
  8501 | D:9      | Found a stormy altar of Qazlal.
  8561 | D:9      | Noticed a death yak
  8583 | D:9      | Noticed a death yak
  8698 | D:9      | Noticed a death yak
  8712 | D:9      | Noticed an azure jelly
  8712 | D:9      | a death yak changed into an azure jelly
  8712 | D:9      | XOM: polymorph death yak -> azure jelly
  8713 | D:9      | XOM: destruction
  8728 | D:9      | Killed an azure jelly
  8746 | D:9      | Noticed a death yak
  8755 | D:9      | XOM: potion effect (experience)
  8755 | D:9      | Reached skill level 13 in Maces & Flails
  8755 | D:9      | Reached skill level 10 in Dodging
  8755 | D:9      | Reached XP level 11. HP: 84/84 MP: 7/13
  8763 | D:9      | Killed a death yak
  8807 | D:9      | Noticed a death yak
  8809 | D:9      | Noticed a death yak
  8810 | D:9      | Noticed a death yak
  8829 | D:9      | XOM: summons 11 friendly demons
  8843 | D:9      | XOM: scenery: create altars
  8853 | D:9      | Killed a death yak
  8853 | D:9      | XOM: summons friendly shadow imp
  8854 | D:9      | Killed a death yak
  8854 | D:9      | XOM: destruction
  8917 | D:9      | XOM: god gift: 10 gold pieces
  9108 | D:9      | Upgraded the game from 0.24-a0-493-g7e4ddcd485 to
                  | 0.24-a0-500-g46574c2197
  9184 | D:9      | XOM: confuse monster(s)
  9202 | D:9      | Reached XP level 12. HP: 90/91 MP: 13/15
  9218 | D:9      | XOM: cast spell 'Alistair's Intoxication'
  9300 | D:9      | XOM: give mutation
  9300 | D:9      | Gained mutation: You have a pair of small horns on your
                  | head. [Xom's grace]
  9406 | D:9      | XOM: potion effect (haste)
  9494 | D:9      | Killed a death yak
  9496 | D:9      | Killed a death yak
  9679 | D:9      | XOM: silly message
  9700 | D:9      | Found a staircase to the Lair.
  9861 | D:10     | Entered Level 10 of the Dungeon
  9871 | D:10     | Identified a scroll of acquirement
 10494 | D:10     | XOM: harmless Air miscast
 10543 | D:10     | Noticed a tengu warrior
 10553 | D:10     | Killed a tengu warrior
 10660 | D:11     | Reached skill level 1 in Shields
 10840 | D:11     | XOM: medium Conj miscast
 10948 | D:11     | XOM: harmless Tmut miscast
 11150 | D:11     | XOM: enchant monster (bad)
 11154 | D:11     | XOM: confuse monster(s)
 11169 | D:11     | XOM: potion effect (curing)
 11177 | D:11     | XOM: polymorph something unseen -> basilisk
 11184 | D:11     | XOM: swap monsters
 11206 | D:11     | XOM: noise
 11229 | D:11     | XOM: give mutation
 11229 | D:11     | Gained mutation: Scrolls take you a little longer to read.
                  | [Xom's mischief]
 11291 | D:11     | XOM: summons 6 hostile demons
 11600 | D:11     | XOM: summons 4 hostile shadow creatures
 11625 | D:11     | Reached skill level 14 in Maces & Flails
 11916 | D:11     | XOM: blink monster(s)
 12136 | D:12     | XOM: noise
 12149 | D:12     | Found a staircase to the Orcish Mines.
 12225 | D:12     | XOM: 3-stop teleportation journey
 12294 | D:12     | Reached skill level 5 in Shields
 12338 | D:12     | XOM: harmless Summ miscast
 12443 | D:12     | XOM: divination: detect creatures
 12464 | D:12     | XOM is BORED!
 12464 | D:12     | XOM: give mutations
 12464 | D:12     | Gained mutation: You occasionally shout uncontrollably at
                  | your foes. [Xom's mischief]
 12464 | D:12     | Lost mutation: Scrolls take you a little longer to read.
                  | [Xom's mischief]
 12475 | D:12     | Noticed Fannar
 12479 | D:12     | Noticed Psyche
 12481 | D:12     | XOM: divination: detect creatures
 12487 | D:12     | Killed Psyche
 12497 | D:12     | Killed Fannar
 12497 | D:12     | Reached XP level 13. HP: 90/99 MP: 14/17
 12498 | D:12     | XOM: harmless Hex miscast
 12874 | D:11     | XOM: noise
 12931 | Lair:1   | Entered Level 1 of the Lair of Beasts
 12953 | Lair:1   | XOM: noise
 13170 | Lair:1   | XOM: cast spell 'Summon Butterflies'
 13172 | Lair:1   | Reached skill level 5 in Fighting
 13423 | Lair:1   | Noticed Nergalle
 13433 | Lair:1   | Killed Nergalle
 13563 | Lair:1   | XOM: polymorph spiny frog -> wyvern
 13882 | Lair:1   | XOM: give mutations
 13882 | Lair:1   | Lost mutation: Your magical capacity is low. (-10% MP)
                  | [Xom's mischief]
 13882 | Lair:1   | Gained mutation: Scrolls take you a little longer to read.
                  | [Xom's mischief]
 14028 | Lair:2   | Noticed Gastronok
 14044 | Lair:2   | Killed Gastronok
 14066 | Lair:2   | XOM: noise
 14190 | Lair:2   | Noticed Urug
 14200 | Lair:2   | XOM: cleaving
 14203 | Lair:2   | Killed Urug
 14462 | Lair:2   | XOM: blink monster(s)
 14471 | Lair:2   | XOM: harmless Fire miscast
 14593 | Lair:2   | XOM: divination: magic mapping
 14603 | Lair:1   | XOM: enchant monster (bad)
 15250 | Lair:2   | XOM: give mutation
 15250 | Lair:2   | Gained mutation: Your large and strong wings let you fly
                  | indefinitely. [Xom's grace]
 15398 | Lair:2   | XOM: silly message
 15716 | Lair:3   | XOM: summons friendly white imp
 15730 | Lair:3   | XOM: divination: detect items
 15733 | Lair:3   | XOM: polymorph white imp -> shadow imp
 15768 | Lair:3   | XOM: fog
 15779 | Lair:3   | XOM: divination: detect creatures
 16094 | Lair:3   | XOM: fog
 16623 | Lair:3   | Found a staircase to the Swamp.
 16710 | Lair:4   | Reached skill level 15 in Maces & Flails
 16986 | Lair:4   | XOM: give mutation
 16986 | Lair:4   | Gained mutation: Your muscles are strong. (Str +2) [Xom's
                  | grace]
 17103 | Lair:4   | XOM: polymorph yak -> shapeshifter
 17107 | Lair:4   | XOM: enchant monster (good)
 17110 | Lair:4   | XOM: scenery: 1 doors open
 17334 | Lair:4   | Found a staircase to the Snake Pit.
 17349 | Lair:4   | Gained mutation: You have acidic saliva. [Yellow Draconian
                  | growth]
 17349 | Lair:4   | Reached XP level 14. HP: 82/114 MP: 13/20
 17349 | Lair:4   | XOM: divination: magic mapping
 17369 | Lair:4   | XOM: god gift: glowing brown potion {god gift}
 17389 | Lair:4   | Reached skill level 16 in Maces & Flails
 17389 | Lair:4   | Reached XP level 15. HP: 88/121 MP: 17/21
 17433 | Lair:4   | Reached skill level 10 in Shields
 17993 | Lair:5   | XOM: polymorph bullfrog -> swamp drake
 18142 | Lair:5   | XOM: god gift: 25 stones
 18282 | Lair:5   | XOM: silly message
 18788 | Lair:5   | XOM is BORED!
 18788 | Lair:5   | XOM: mild Fire miscast
 18896 | Lair:6   | Entered Level 6 of the Lair of Beasts
 18924 | Lair:6   | XOM: divination: detect creatures
 19043 | Lair:6   | XOM: divination: magic mapping
 19558 | Lair:6   | XOM: divination: detect creatures
 19568 | Lair:6   | XOM: enchant monster (good)
 19581 | Lair:6   | XOM: summons 5 friendly demons
 20166 | Lair:6   | Found a runed translucent door.
 20485 | Lair:6   | XOM: summons 3 friendly demons
 20546 | Lair:6   | Reached skill level 10 in Fighting
 20692 | Lair:6   | XOM: confuse monster(s)
 20726 | Lair:6   | XOM: divination: detect creatures
 21096 | Lair:6   | Found a hazy altar of Hepliaklqana.
 21151 | Lair:6   | XOM: fog
 21181 | Lair:6   | XOM: scenery: create altars
 21194 | Lair:6   | XOM: enchant monster (good)
 21245 | Lair:6   | XOM: 2-stop teleportation journey
 21295 | Lair:6   | XOM: give mutations
 21295 | Lair:6   | Lost mutation: You are agile. (Dex +2) [Xom's mischief]
 21295 | Lair:6   | Lost mutation: Your body sometimes deteriorates upon taking
                  | damage. [Xom's mischief]
 21295 | Lair:6   | Lost mutation: Your muscles are strong. (Str +2) [Xom's
                  | mischief]
 21935 | Orc:1    | Entered Level 1 of the Orcish Mines
 22214 | Orc:1    | XOM: cast spell 'Summon Ice Beast'
 22534 | Orc:2    | Entered Level 2 of the Orcish Mines
 22541 | Orc:2    | XOM: silly message
 22549 | Orc:2    | Found Uqeosa's General Store.
 22584 | Orc:2    | XOM: harmless Necr miscast
 22605 | Orc:2    | XOM: potion effect (haste)
 22733 | Orc:2    | XOM: cast spell 'Summon Small Mammal'
 22782 | Orc:2    | XOM is BORED!
 22782 | Orc:2    | XOM: medium Pois miscast
 22901 | Orc:2    | XOM: mild Tloc miscast
 23052 | Orc:2    | XOM: mild Necr miscast
 23151 | Orc:2    | Found Veimn's Antique Armour Emporium.
 23281 | Orc:2    | Found a staircase to the Elven Halls.
 23287 | Orc:2    | Reached XP level 16. HP: 105/135 MP: 17/22
 23306 | Orc:2    | XOM: cast spell 'Leda's Liquefaction'
 23910 | Orc:2    | Found Nanase's Book Shoppe.
 24014 | Orc:2    | Found Wiunke Ynoon's Jewellery Shop.
 24019 | Orc:2    | Bought an uncursed ring of protection from fire for 350
                  | gold pieces
 24019 | Orc:2    | Bought a +5 ring of protection for 770 gold pieces
 24081 | Orc:2    | Found Evufi's Antique Weapon Boutique.
 24134 | Orc:1    | XOM: god gift: scroll of enchant armour
 24179 | Orc:1    | XOM: silly message
 24188 | Orc:1    | You fall into a shaft and drop 1 floor!
 24459 | D:13     | XOM: blink monster(s)
 24462 | D:13     | XOM: blink monster(s)
 24477 | D:13     | XOM: confuse monster(s)
 24519 | D:13     | XOM: mild Hex miscast
 24539 | D:13     | XOM: summons 5 hostile demons
 24541 | D:13     | HP: 3/137 [sun demon[Xom] (10)]
 24542 | D:13     | Slain by a sun demon

Levels and vault maps discovered:
D:1:      shiori_arrival_elements, layout_loops_ring,
          corexii_item_surrounded_by_moat, minivault_26, kennysheep_another_room
D:2:      layout_loops_cross, makhleb_blood_cavern_becter, uniq_robin
D:3:      layout_basic, lemuel_round_altar, nrook_campfire,
          okawaru_metal_pillars_3
D:4:      layout_loops_ring
D:5:      layout_gridville, lemuel_crystal_altar, lemuel_round_altar,
          lemuel_doored_altar, first_ration
D:6:      layout_basic, dancing_weapons_uskayaw,
          nicolae_dithmenos_through_a_glass_darkly, lemuel_crystal_altar,
          minmay_temple_entry_sparse_star, elyvilon_altar_3,
          uniq_crazy_yiuf_cottage, uniq_menkaure, uniq_pikel
D:7:      layout_layer_cave, marbit_many_paths
D:8:      layout_basic, overflow_temple_1_default, bloody_trog, uniq_maurice,
          uniq_erica
D:9:      layout_grid_maze, nicolae_qazlal_style_of_elements, dpeg_lair_monsters
D:10:     layout_irregular_city, serial_glass, glass_columns_a, glass_columns_a,
          grunt_tengu_nest
D:11:     layout_basic
D:12:     layout_small_grid, david_orc_1_choice, uniq_psyche, uniq_fannar
D:13:     lemuel_slime, layout_stronghold
Lair:1:   layout_gridlike, chequers_serial_rivers_small_b, uniq_nergalle
Lair:2:   layout_chaotic_city, uniq_urug, uniq_gastronok
Lair:3:   layout_regular_city, nicolae_swamp_entry_splash_gauntlet,
          zaba_anthell, grunt_megastairs_2, lemuel_fruit_tree
Lair:4:   layout_regular_city, guppyfry_snake_entry_garden
Lair:5:   layout_cave_pods
Lair:6:   hangedman_lair_tendril_chambers, layout_loops_ring, wormcave,
          minmay_slime_entry_oklob_enclosed, basic_altar,
          gauntlet_entry_generic, serial_bayou, serial_bayou_pond_e,
          serial_bayou_lagoon_a, serial_bayou_pond_a, serial_bayou_ford_a
Orc:1:    layout_caves, serial_shops, mines3_lemuel
Orc:2:    grunt_orc_gardens, layout_diamond_mine, grunt_orc_garden,
          grunt_orc_garden, grunt_orc_garden, grunt_orc_garden, serial_shops,
          nicolae_shop_crystal

Skill      XL: |  1  2  3  4  5  6  7  8  9 10 11 12 13 14 15 16 |
---------------+-------------------------------------------------+-----
Maces & Flails | 4 5 6 7 9 10 13 14 15 16 | 16.0
Evocations     | 1 3 4 5 6 8 |  8.2
Fighting       | 4 7 10 11 | 11.2
Dodging        | 3 6 7 10 11 12 | 12.9
Shields        | 5 9 12 13 | 13.1

Action                   |  1- 3 |  4- 6 |  7- 9 | 10-12 | 13-15 | 16-18 || total
-------------------------+-------+-------+-------+-------+-------+-------++-------
Melee: Mace              |    67 |   179 |    19 |       |       |       ||   265
       Tailslap          |     8 |    20 |    39 |    85 |   219 |    17 ||   388
       Great mace        |       |       |   248 |   163 |       |       ||   411
       Eveningstar       |       |       |       |   307 |  1022 |    97 ||  1426
       Headbutt          |       |       |       |    85 |   299 |    25 ||   409
       Bite              |       |       |       |       |   102 |    10 ||   112
 Abil: Evoke Invisibilit |       |     1 |       |     1 |     1 |       ||     3
       Breathe Acid      |       |       |     1 |     1 |       |       ||     2
Evoke: Wand              |       |       |       |     6 |       |       ||     6
  Use: Scroll            |     2 |     4 |    11 |     7 |    10 |     4 ||    38
       Potion            |       |       |       |       |     4 |     2 ||     6
 Stab: Paralysed         |     1 |     1 |     6 |     8 |     1 |       ||    17
       Invisible         |       |     1 |       |     9 |     3 |       ||    13
       Petrifying        |       |     2 |       |     2 |     2 |       ||     6
       Petrified         |       |     2 |       |       |     1 |       ||     3
       Distracted        |       |     1 |       |     1 |       |       ||     2
       Sleeping          |       |       |     1 |     1 |     4 |       ||     6
       Confused          |       |       |       |     2 |     2 |     4 ||     8
  Eat: Chunk             |     1 |     7 |    14 |    13 |    35 |     4 ||    74
       Ration            |       |       |       |     1 |       |       ||     1
Armor: Skin              |    25 |    57 |    68 |    89 |   164 |    15 ||   418
Dodge: Dodged            |    46 |   127 |   182 |   376 |   825 |    68 ||  1624
Block: Buckler           |       |       |       |    85 |   355 |    27 ||   467

Table legend:
 A = Non-vault XP
 B = Vault XP
 C = Vault XP percentage of total XP
 D = Non-vault monster count
 E = Vault monster count
 F = Vault count percentage of total count
                 A         B        C        D         E       F
            +---------+---------+-------+---------+---------+-------
      Total |   67932 |   45069 |  39.9 |     478 |     159 |  25.0
            +---------+---------+-------+---------+---------+-------
        D:1 |      35 |       0 |   0.0 |      14 |       0 |   0.0
        D:2 |      74 |      75 |  50.3 |      16 |      11 |  40.7
        D:3 |     124 |       0 |   0.0 |      21 |       0 |   0.0
        D:4 |     480 |       0 |   0.0 |      28 |       0 |   0.0
        D:5 |     510 |       0 |   0.0 |      12 |       0 |   0.0
        D:6 |    1900 |     521 |  21.5 |      39 |       3 |   7.1
        D:7 |     886 |      90 |   9.2 |      24 |       1 |   4.0
        D:8 |     843 |     800 |  48.7 |      21 |       2 |   8.7
        D:9 |    2693 |    5641 |  67.7 |      16 |       6 |  27.3
       D:10 |    1933 |     864 |  30.9 |      13 |       1 |   7.1
       D:11 |    6440 |       0 |   0.0 |      47 |       0 |   0.0
       D:12 |    4375 |    2045 |  31.9 |      39 |      11 |  22.0
       D:13 |    5246 |       0 |   0.0 |      14 |       0 |   0.0
     Lair:1 |    4553 |     804 |  15.0 |      21 |       1 |   4.5
     Lair:2 |    3222 |    3134 |  49.3 |      19 |       2 |   9.5
     Lair:3 |    3943 |    5001 |  55.9 |      10 |      52 |  83.9
     Lair:4 |    8309 |     483 |   5.5 |      22 |       3 |  12.0
     Lair:5 |    2391 |       0 |   0.0 |       8 |       0 |   0.0
     Lair:6 |   16075 |   16560 |  50.7 |      52 |      54 |  50.9
      Orc:1 |    1114 |       0 |   0.0 |      17 |       0 |   0.0
      Orc:2 |    2786 |    9051 |  76.5 |      25 |      12 |  32.4
            +---------+---------+-------+---------+---------+-------
